 Dungeon Crawl Stone Soup version 0.21-a0-265-gb353147 (webtiles) character file.

1360 muskahound the Sneak (level 8, -9/52 HPs)
             Began as an Octopode Conjurer on Sept 10, 2017.
             Mangled by an ice beast (10 damage)
             ... on level 7 of the Dungeon.
             The game lasted 00:19:06 (10316 turns).

muskahound the Sneak (Octopode Conjurer)           Turns: 10316, Time: 00:19:07

Health: -9/52      AC:  3    Str:  7    XL:     8   Next: 64%
Magic:  14/16      EV: 13    Int: 19    God:
Gold:   349        SH:  0    Dex: 13    Spells: 5/17 levels left

rFire    . . .     SeeInvis +   o - +1 dagger (elec)
rCold    . . .     Gourm    .   (no shield)
rNeg     . . .     Faith    .   (helmet restricted)
rPois    .         Spirit   .   (no amulet)
rElec    .         Reflect  .   h - +2 ring of protection
rCorr    .         Harm     .   m - ring of see invisible
MR       +....                  v - ring of protection from magic
Stlth    +++.......             (no ring)
HPRegen  0.17/turn              (no ring)
MPRegen  0.15/turn              (no ring)
                                (no ring)
                                (no ring)

@: confused
A: almost no armour, stealthy swim, amphibious, 8 rings, constrict 8, camouflage
1, gelatinous body 1
a: no special abilities


You were on level 7 of the Dungeon.
You were very hungry.

You visited 1 branch of the dungeon, and saw 7 of its levels.

You collected 349 gold pieces.

Inventory:

Hand Weapons
 f - a +0 dagger
 i - a +0 whip of venom
 o - a +1 dagger of electrocution (weapon)
 q - a +2 dagger of venom
 w - a +1 dagger of draining
Missiles
 d - 164 stones (quivered)
 p - 17 poisoned needles
Jewellery
 h - a +2 ring of protection (left tentacle)
 m - a ring of see invisible (right tentacle)
 v - a ring of protection from magic (on tentacle)
Scrolls
 b - 2 scrolls of identify
 e - 3 scrolls of enchant armour
 j - 3 scrolls of teleportation
 k - 4 scrolls of remove curse
 r - 2 scrolls of fear
 t - 2 scrolls of amnesia
 z - 3 scrolls of recharging
Potions
 n - 3 potions of cancellation
Books
 a - a book of Conjurations

   Spells                             Type                      Level
   a - Magic Dart                     Conjuration                  1
   b - Searing Ray                    Conjuration                  2
   c - Dazzling Spray                 Conjuration/Hexes            3
   d - Fulminant Prism                Conjuration/Hexes            4
   e - Force Lance                    Conjuration/Translocation    4
   f - Iskenderun's Mystic Blast      Conjuration                  4
Comestibles
 c - 2 bread rations
 g - 4 fruits
 x - 2 meat rations
 B - a royal jelly


   Skills:
 + Level 3.5 Fighting
 - Level 2.0 Dodging
 + Level 7.5 Stealth
 + Level 5.4 Spellcasting
 + Level 7.1 Conjurations


You had 5 spell levels left.
You knew the following spells:

 Your Spells              Type           Power        Failure   Level  Hunger
a - Magic Dart            Conj           ####         1%          1    None
b - Fulminant Prism       Conj/Hex       ###.......   26%         4    ####...
c - Dazzling Spray        Conj/Hex       ###...       9%          3    ##.....
d - Iskenderun's Mystic   Conj           ####....     6%          4    ####...


Dungeon Overview and Level Annotations

Branches:
Dungeon (7/15)
 Temple: D:4-7

Altars:
Ashenzari
Dithmenos
Fedhas
Gozag
Makhleb
Ru
Uskayaw
Wu Jian
Beogh

Annotations:
D:5 nikopol's ghost, amateur MiBe
D:6 Syneil's ghost, novice HOMo


Innate Abilities, Weirdness & Mutations

You cannot wear most types of armour.
You are very stealthy in the water. (Stealth+)
You are amphibious.
You can wear up to eight rings at the same time.
You can use your tentacles to constrict eight enemies at once.
Your skin changes colour to match your surroundings (Stealth+).
Your rubbery body absorbs attacks. (AC +1, EV +1)


Message History

The orc wizard gestures wildly while chanting.
The orc wizard blinks!
The orc hits you from afar with a trident.
* * * LOW HITPOINT WARNING * * *
The ice beast hits you.
* * * LOW HITPOINT WARNING * * *
The ice beast freezes you!
* * * LOW HITPOINT WARNING * * *
Unknown command.
Unknown command.
Okay, then.
Unknown command.
Okay, then.
Unknown command.
Unknown command.
You are confused.
You feel invigorated. The ice beast hits you.
* * * LOW HITPOINT WARNING * * *
The ice beast freezes you!
You die...

.. # #. #.# #.#. #.#
#.#.###.### # #.......>. .
#.#...... .
####.......#################.
.........ooY@................
.........o###############.#.
##.......# #........#.
#...)...# #.######.##
#.......# #....#.#. #.......#
#.##.#.#. #.......# #.#..#.#.
##'####.# #..<..... .. ....
#.######.##


You could see an ice beast, an orc wizard and 2 orcs.

Vanquished Creatures
  An orc warrior (D:6)
  An ice beast (D:6)
  A necrophage (D:7)
  A bullfrog (D:7)
  A wight (D:7)
  A howler monkey (D:3)
  2 crimson imps (D:5)
  A hound (D:4)
  A jelly (D:5)
  7 orc priests
  6 orc wizards
  4 worker ants
  2 hound skeletons
  A worker ant zombie (D:5)
  Robin (D:2)
  5 gnolls
  11 adders
  A shadow imp (D:7)
  A worm (D:2)
  2 dart slugs
  6 leopard geckos
  24 orcs
  6 giant cockroaches
  12 hobgoblins
  6 jackals (D:5)
  6 kobolds
  2 quokkas
  2 ball pythons (D:1)
  4 bats
  7 frilled lizards
  14 goblins
  A jackal skeleton (D:4)
  2 quokka skeletons
  5 rats
148 creatures vanquished.

Notes
Turn   | Place    | Note
-------+----------+-------------------------------------------
     0 | D:1      | muskahound the Octopode Conjurer began the quest for the Orb.
     0 | D:1      | Reached XP level 1. HP: 11/11 MP: 3/3
   268 | D:2      | Reached XP level 2. HP: 9/17 MP: 0/5
   444 | D:1      | Learned a level 2 spell: Searing Ray
  1559 | D:1      | Reached XP level 3. HP: 21/21 MP: 4/6
  2396 | D:2      | Found a hide-covered altar of Uskayaw.
  2512 | D:2      | Reached XP level 4. HP: 20/27 MP: 6/8
  2692 | D:2      | Learned a level 3 spell: Dazzling Spray
  2782 | D:2      | Found a burning altar of Makhleb.
  2894 | D:2      | Found a sacrificial altar of Ru.
  3303 | D:3      | Reached skill level 5 in Conjurations
  3303 | D:3      | Reached XP level 5. HP: 25/31 MP: 8/10
  3306 | D:3      | Noticed Robin
  3743 | D:2      | Killed Robin
  4259 | D:3      | Found a shattered altar of Ashenzari.
  4291 | D:3      | Reached XP level 6. HP: 35/36 MP: 11/11
  4556 | D:3      | Gained mutation: Your spells are a little easier to cast, but a little less powerful. [potion of mutation]
  4556 | D:3      | Lost mutation: Your spells are a little easier to cast, but a little less powerful. [potion of mutation]
  4957 | D:3      | Learned a level 4 spell: Iskenderun's Mystic Blast
  5122 | D:4      | Reached skill level 1 in Fighting
  5122 | D:4      | Reached skill level 5 in Stealth
  5207 | D:4      | Reached XP level 7. HP: 41/43 MP: 9/13
  5564 | D:4      | Found a roughly hewn altar of Beogh.
  6135 | D:5      | Entered Level 5 of the Dungeon
  6139 | D:5      | Noticed nikopol's ghost (amateur MiBe)
  7732 | D:5      | Found a blossoming altar of Fedhas.
  7966 | D:6      | Found a shadowy altar of Dithmenos.
  7969 | D:6      | Noticed Syneil's ghost (novice HOMo)
  8333 | D:6      | Reached XP level 8. HP: 40/51 MP: 13/15
  8804 | D:6      | Found an opulent altar of Gozag.
  8809 | D:6      | Found an ornate altar of the Wu Jian Council.
  9198 | D:6      | Reached skill level 5 in Spellcasting
  9782 | D:7      | Learned a level 4 spell: Fulminant Prism
 10311 | D:7      | HP: 1/52 [ice beast (12)]
 10316 | D:7      | HP: 1/52 [ice beast (5)]
 10316 | D:7      | Mangled by an ice beast

Vault maps used:
D:1:      dpeg_arrival_court, amethyst_killhole, st_stairs_1
D:2:      nicolae_overflow_crystal_walls, lemuel_crystal_altar,
          overflow_temple_1_default
D:3:      overflow_temple_1_default, uniq_robin
D:4:      corner_web_ring, minmay_misc_feat_encased, kennysheep_orc_chapel
D:5:      fedhas_altar_4, first_bread, bh_walls_and_bars
D:6:      grunt_temple_overflow_open, minmay_temple_entry_statues,
          nicolae_ru_the_path_less_chosen

Skill      XL: |  1  2  3  4  5  6  7  8 |
---------------+-------------------------+-----
Stealth        | 3 4 5 6 7 |  7.5
Spellcasting   | 3 4 5 |  5.4
Conjurations   | 5 6 7 |  7.1
Fighting       | 1 2 3 |  3.5
Dodging        | |  2.0

Action                   |  1- 3 |  4- 6 |  7- 9 || total
-------------------------+-------+-------+-------++-------
Melee: Dagger            |    36 |   115 |   131 ||   282
       Constrict         |     9 |    31 |    24 ||    64
       Tentacles         |     4 |    14 |    14 ||    32
Throw: Stone             |     4 |       |       ||     4
 Cast: Magic Dart        |    34 |     6 |     6 ||    46
       Searing Ray       |     2 |       |       ||     2
       Dazzling Spray    |       |     9 |     8 ||    17
       Iskenderun's Myst |       |     4 |    32 ||    36
  Use: Potion            |       |     5 |     3 ||     8
       Scroll            |       |     3 |    14 ||    17
 Stab: Sleeping          |     8 |     5 |    10 ||    23
       Invisible         |       |     2 |       ||     2
       Distracted        |       |     1 |     1 ||     2
  Eat: Fruit             |     2 |       |       ||     2
       Chunk             |     3 |    11 |     7 ||    21
       Bread ration      |       |       |     3 ||     3
Armor: Skin              |    10 |    20 |    15 ||    45
Dodge: Dodged            |    23 |    66 |   104 ||   193

Table legend:
 A = Spawn XP
 B = Non-spawn XP
 C = Spawn XP percentage of total XP
 D = Spawn monster count
 E = Non-spawn monster count
 F = Spawn count percentage of total count
 G = Total turns spent on level
                    A         B        C        D         E        F      G
               +---------+---------+-------+---------+---------+-------+---------
         Total |       0 |    1944 |   0.0 |       0 |     148 |   0.0 | 10316
               +---------+---------+-------+---------+---------+-------+---------
           D:1 |       0 |      47 |   0.0 |       0 |      21 |   0.0 |  2002
           D:2 |       0 |     110 |   0.0 |       0 |      25 |   0.0 |  1801
           D:3 |       0 |     282 |   0.0 |       0 |      33 |   0.0 |  1285
           D:4 |       0 |     311 |   0.0 |       0 |      20 |   0.0 |  1346
           D:5 |       0 |     399 |   0.0 |       0 |      30 |   0.0 |  2367
           D:6 |       0 |     435 |   0.0 |       0 |      10 |   0.0 |   806
           D:7 |       0 |     360 |   0.0 |       0 |       9 |   0.0 |   709
               +---------+---------+-------+---------+---------+-------+---------
